 Dungeon Crawl Stone Soup version 0.24.0-1-gfbc8707 (webtiles) character file.

Game seed: 8809249110222490580, levelgen mode: deterministic

92 Illumine the Chopper (level 4, 0/41 HPs)
             Began as a Hill Orc Monk on Nov 16, 2019.
             Succumbed to a scorpion's poison
             ... on level 4 of the Dungeon.
             The game lasted 00:03:18 (2959 turns).

Illumine the Chopper (Hill Orc Monk)                Turns: 2959, Time: 00:03:19

Health: 0/41       AC:  5    Str: 13 (14) XL:     4   Next: 60%
Magic:  4/4        EV: 17    Int:  9 (10) God:
Gold:   78         SH:  0    Dex: 15 (18) Spells: 3/3 levels left

rFire    + . .     SeeInvis .   a - +0 hand axe
rCold    + . .     Gourm    .   (no shield)
rNeg     . . .     Faith    .   k - +0 ring mail
rPois    +         Spirit   .   (no helmet)
rElec    +         Reflect  .   j - scarf {cloud immunity}
rCorr    +         Harm     .   (no gloves)
MR       .....                  (no boots)
Stlth    ++........             (no amulet)
HPRegen  0.13/turn              (no ring)
MPRegen  0.09/turn              (no ring)

@: agile, lethally poisoned (0 -> -2), resistant
A: no striking features
a: no special abilities


You were on level 4 of the Dungeon.
You were hungry.

You visited 1 branch of the dungeon, and saw 4 of its levels.

You collected 78 gold pieces.

Inventory:

Hand Weapons
 a - a +0 hand axe (weapon)
Missiles
 n - 5 boomerangs (quivered)
Armour
 b - a scarf of resistance
 j - a scarf of cloud immunity (worn)
 k - a +0 ring mail (worn)
Wands
 l - a wand of digging (5)
Scrolls
 e - 2 scrolls of identify
 g - a scroll of amnesia {unknown}
 m - 2 scrolls of remove curse {unknown}
 o - a scroll of teleportation {unknown}
 q - a scroll of blinking {unknown}
 r - a scroll of random uselessness {unknown}
 s - a scroll of immolation
Comestibles
 c - 3 rations


   Skills:
 + Level 4.4 Fighting
 * Level 5.7 Axes
 + Level 2.9 Dodging
 - Level 1.5 Stealth


You had 3 spell levels left.
You didn't know any spells.
Your spell library was empty.

Dungeon Overview and Level Annotations

Branches:
Dungeon (4/15)
 Temple: D:4-7

Altars:

Annotations:
D:3 1 runed translucent door, tife0686's ghost, amateur DsGl
D:4 Eustachio


Message History

The scorpion completely misses you.
You hit the scorpion.
The scorpion is heavily wounded.
The scorpion misses you.
You hit the scorpion but do no damage.
The scorpion is heavily wounded.
* * * LOW HITPOINT WARNING * * *
You feel sick. The scorpion closely misses you.
You hit the scorpion but do no damage.
The scorpion is heavily wounded.
The scorpion barely misses you.
You barely miss the scorpion.
The scorpion is heavily wounded.
The scorpion stings you but does no damage.
You hit the scorpion.
The scorpion is severely wounded.
The scorpion barely misses you.
Your ring mail prevents you from hitting the scorpion.
The scorpion is severely wounded.
You die...

.......#.......#..
..................
...:..............
.................
................ .
#.............
#...###............
.(.(...<(.s@.......
......†.#..........
........#..........
........##.........
........####....###
........# ....#
........# .....#
........# ......


You could see a scorpion.

Vanquished Creatures
  2 adders (D:2)
  2 oozes
  A worm (D:3)
  A dart slug (D:1)
  2 leopard geckos
  An orc (D:3)
  3 giant cockroaches
  7 goblins
  7 hobgoblins
  4 jackals (D:3)
  A quokka (D:2)
  A ball python (D:4)
  7 bats
  8 frilled lizards
  3 kobolds
  11 rats
61 creatures vanquished.

Notes
Turn   | Place    | Note
-------+----------+-------------------------------------------
     0 | D:1      | Illumine the Hill Orc Monk began the quest for the Orb.
     0 | D:1      | Reached XP level 1. HP: 19/19 MP: 1/1
   226 | D:1      | Reached XP level 2. HP: 3/27 MP: 2/2
   872 | D:1      | Reached XP level 3. HP: 30/33 MP: 3/3
  1471 | D:2      | Reached skill level 5 in Axes
  1801 | D:2      | Reached XP level 4. HP: 34/40 MP: 4/4
  2506 | D:3      | Found a runed translucent door.
  2506 | D:3      | Noticed tife0686's ghost (amateur DsGl)
  2898 | D:4      | Noticed Eustachio
  2949 | D:4      | HP: 2/41 [scorpion (3)]
  2955 | D:4      | HP: 1/41 [poisoned by a scorpion]
  2959 | D:4      | Succumbed to a scorpion's poison

Levels and vault maps discovered:
D:1:      evilmike_arrival_hilbert_curve, layout_loops_ring,
          minmay_split_cup_large
D:2:      layout_loops_ring, serial_glass, glass_columns_b, glass_columns_b
D:3:      layout_rooms, ebering_ghost_reflecting_pool
D:4:      layout_rooms, first_ration, uniq_natasha, uniq_eustachio

Skill      XL: |  1  2  3 |
---------------+----------+-----
Fighting       | 4 |  4.4
Axes           | 5 |  5.7
Dodging        | |  2.9
Stealth        | |  1.5

Action                   |  1- 3 |  4- 6 || total
-------------------------+-------+-------++-------
Melee: Hand axe          |    99 |   126 ||   225
Throw: Dart              |       |     4 ||     4
  Use: Potion            |       |     4 ||     4
       Scroll            |       |     1 ||     1
 Stab: Sleeping          |     3 |       ||     3
  Eat: Chunk             |     2 |     4 ||     6
Armor: Robe              |    10 |       ||    10
       Ring mail         |     2 |    57 ||    59
Dodge: Dodged            |    63 |    89 ||   152
